 Dungeon Crawl Stone Soup version 0.30.0-13-g156ef70053 (webtiles) character file.

Game seed: 17049390403414430837

174 hikkokomori the Firebug (level 5, -1/45 HPs)
             Began as a Hill Orc Fire Elementalist on May 18, 2023.
             Was an Initiate of Gozag.
             Slain by an orc wizard
             ... wielding a +0 dagger
              (4 damage)
             ... on level 3 of the Dungeon.
             The game lasted 00:05:18 (3227 turns).

hikkokomori the Firebug (HOFE)                      Turns: 3227, Time: 00:05:20

Health: -1/45      AC:  3    Str: 13    XL:     5   Next: 54%
Magic:  7/7        EV: 12    Int: 15    God:    Gozag
Gold:   307        SH:  0    Dex: 11    Spells: 4/7 levels left

rFire   . . .        c - +0 hand axe
rCold   . . .        (no shield)
rNeg    . . .        a - +0 robe
rPois   .            (no helmet)
rElec   .            x - +0 cloak
rCorr   .            (no gloves)
SInv    .            (no boots)
Will    .....        p - amulet of magic regeneration
Stlth   ++           (no ring)
HPRegen 0.27/turn    (no ring)
MPRegen 0.50/turn

%: no passive effects
@: no status effects
A: no striking features
a: Renounce Religion, Potion Petition, Call Merchant, Bribe Branch


You were on level 3 of the Dungeon.
You worshipped Gozag.
Gozag was aware of your devotion.
You visited 1 branch of the dungeon, and saw 3 of its levels.

You collected 337 gold pieces.
You paid 30 gold pieces to Gozag.

Inventory:

Hand Weapons
 c - a +0 hand axe (weapon)
Missiles
 u - a throwing net
Armour
 a - a +0 robe (worn)
 x - a +0 cloak (worn)
Magical Staves
 v - a staff of death
Jewellery
 p - an amulet of magic regeneration (around neck)
Scrolls
 d - a scroll of immolation {unknown}
 e - a scroll of enchant armour {unknown}
 h - a scroll of noise {unknown}
 i - 2 scrolls of vulnerability {unknown}
 l - 3 scrolls of teleportation {unknown}
 m - a scroll of enchant weapon {unknown}
 q - 2 scrolls of identify {unknown}
 r - a scroll of amnesia {unknown}
 s - a scroll of fog {unknown}
Potions
 b - a potion of magic
 f - 2 potions of degeneration {unknown}
 g - a potion of cancellation
 j - a potion of lignification {unknown}
 k - a potion of ambrosia {unknown}
 n - a potion of curing {unknown}
 o - a potion of mutation {unknown}
 t - a potion of heal wounds {unknown}
 w - a potion of attraction {unknown}


   Skills:
 + Level 3.0 Fighting
 + Level 2.4 Axes
 - Level 1.5 Dodging
 + Level 2.9 Stealth
 - Level 1.5 Spellcasting
 + Level 1.0 Conjurations
 + Level 4.4 Fire Magic


You had 4 spell levels left.
You knew the following spells:

 Your Spells              Type           Power      Damage    Failure   Level
a - Foxfire               Conj/Fire      36%        2x1d5     8%          1
b - Scorch                Fire           28%        2d6       6%          2

Your spell library contained the following spells:

 Spells                   Type           Power      Damage    Failure   Level
 Inner Flame              Hex/Fire       7%         N/A       28%         3
 Volatile Blastmotes      Fire/Tloc      14%        2d11      28%         3
 Dazzling Flash           Conj/Hex       4%         N/A       50%         3
 Flame Wave               Conj/Fire      9%         2d6       58%         4
 Iskenderun's Mystic Bla  Conj/Tloc      2%         2d3       88%         4
 Starburst                Conj/Fire      4%         6d4       100%        6


Dungeon Overview and Level Annotations

Branches:
Dungeon (3/15)

Altars:
Gozag

Shops:
D:2 (

Annotations:
D:3 Sigmund


Message History

Unknown command.
Something hits you.
Things that are here:
7 gold pieces; a +0 hand axe; a +0 leather armour Unknown command.
You completely miss something. x2; Something hits you.
* * * LOW HITPOINT WARNING * * *
You hear some strange, mumbled words.
Something tries to affect you, but you resist.
Unknown command.
You completely miss something. You miss something. You completely miss the orc.
Something hits you.
* * * LOW HITPOINT WARNING * * *
The orc closely misses you.
You hear some strange, mumbled words.
You are more confused.
The orc barely misses you.
You hear some strange, mumbled words.
Something tries to affect you, but you resist.
Something completely misses you.
Unknown command.
You bump into the rock wall.
You hear some strange, mumbled words.
A puff of flame appears from out of thin air!
The puff of flame misses you. The orc hits you with a +0 dagger.
* * * LOW HITPOINT WARNING * * *
You hear some strange, mumbled words.
A magic dart appears from out of thin air!
The magic dart hits you.
* * * LOW HITPOINT WARNING * * *
Unknown command.
It was a potion of cancellation.
Your magical effects are unravelling.
You feel magically purged.
You feel less confused. Something hits you.
* * * LOW HITPOINT WARNING * * *
The orc closely misses you. Something hits you.
You die...
Your body crumbles into a pile of gold.

.......#
.v.....#...........# $
.......#...........#
.......#...........#
.....).#...........#
.......##.....#.$..#
...........##.#....#
...........##......#
...........###..@####+##
...<.......'...{{o.....#
..#........###.........#
........##...#..........
...........#.#..........
...........#......#####.
...........#......#
...........#.......
....................


You could see an orc.

Vanquished Creatures
  Jessica (D:2)
  An iguana (D:2)
  A gnoll (D:1)
  5 adders
  A worm (D:2)
  2 dart slugs (D:1)
  2 orcs (D:3)
  4 bats
  4 endoplasms
  4 giant cockroaches
  3 goblins
  5 hobgoblins
  3 jackals (D:1)
  2 quokkas
  3 ball pythons
  5 frilled lizards
  6 kobolds
  8 rats
60 creatures vanquished.

Vanquished Creatures (others)
  231 foxfires
231 creatures vanquished.

Grand Total: 291 creatures vanquished

Notes
Turn   | Place    | Note
-------+----------+-------------------------------------------
     0 | D:1      | hikkokomori the Hill Orc Fire Elementalist began the quest
                  | for the Orb.
     0 | D:1      | Reached XP level 1. HP: 14/14 MP: 3/3
    82 | D:1      | Reached skill level 1 in Fighting
    82 | D:1      | Reached XP level 2. HP: 23/23 MP: 0/4
   466 | D:1      | Reached XP level 3. HP: 12/28 MP: 0/5
  1087 | D:2      | Found an opulent altar of Gozag.
  1114 | D:2      | Became a worshipper of Gozag Ym Sagoz the Greedy
  1176 | D:2      | Noticed Jessica
  1305 | D:2      | Killed Jessica
  1306 | D:2      | Reached skill level 1 in Axes
  1306 | D:2      | Reached skill level 4 in Fire Magic
  1306 | D:2      | Reached XP level 4. HP: 27/36 MP: 0/6
  1721 | D:2      | Found Haguud's Weapon Boutique.
  1861 | D:2      | Reached XP level 5. HP: 42/42 MP: 2/7
  3036 | D:3      | Learned a level 2 spell: Scorch
  3161 | D:3      | Noticed Sigmund
  3227 | D:3      | Slain by an orc wizard

Illustrated notes

Levels and vault maps discovered:
D:1:      kennysheep_arrival_seaside, layout_basic, minmay_tall_x
D:2:      minmay_angry_zag, layout_basic, basic_altar, serial_shops, shop,
          nicolae_half_adder, uniq_jessica
D:3:      layout_basic, uniq_sigmund

Skill      XL: |  1  2  3  4  5 |
---------------+----------------+-----
Fighting       | 1 2 3 |  3.0
Stealth        | 2 |  2.9
Axes           | 1 2 |  2.4
Fire Magic     | 4 |  4.4
Dodging        | |  1.5
Spellcasting   | |  1.5
Conjurations   | |  1.0

Action                     |  1- 3 |  4- 6 || total
---------------------------+-------+-------++-------
  Melee: Unarmed           |    14 |       ||    14
         Punch             |     1 |       ||     1
         Hand axe          |    27 |    45 ||    72
   Cast: Foxfire           |    37 |   104 ||   141
    Use: Potion            |       |     1 ||     1
   Stab: Sleeping          |     1 |       ||     1
 Armour: Robe              |    11 |    10 ||    21
  Dodge: Dodged            |    43 |    47 ||    90
